 Dungeon Crawl Stone Soup version 0.30-a0-964-gd452b5e7fa (webtiles) character file.

Game seed: 7613187271294202335

1624 CowFu the Chiller (level 8, -4/62 HPs)
             Began as a White Draconian Transmuter on Mar 30, 2023.
             Slain by a gnoll
             ... wielding a +0 club
             ... led by a gnoll bouda
              (8 damage)
             ... on level 5 of the Dungeon.
             The game lasted 00:12:23 (4901 turns).

CowFu the Chiller (White Draconian Transmuter)      Turns: 4901, Time: 00:12:24

Health: -4/62      AC:  2    Str: 15    XL:     8   Next: 65%
Magic:  9/11       EV: 10    Int: 13    God:
Gold:   291        SH:  0    Dex: 17    Spells: 1/11 levels left

rFire   x . .      SeeInvis .      - Unarmed
rCold   + . .      Faith    .    (shield currently unavailable)
rNeg    . . .      Spirit   .    (body armour unavailable)
rPois   x          Reflect  .    (helmet currently unavailable)
rElec   .          Rampage  .    (cloak currently unavailable)
rCorr   .                        v - melded +0 pair of gloves
Will    .....                    (boots currently unavailable)
Stlth   ++                       (no amulet)
HPRegen 0.30/turn                B - +4 ring of slaying
MPRegen 0.12/turn                r - ring of ice

@: spider-form (expiring), weakened, held
A: venomous fangs, (breathe frost), AC +6, tiny, unfitting armour, (cold
resistance 1), (cold-blooded)
a: End Transformation


You were on level 5 of the Dungeon.
You were a venomous arachnid creature.
You visited 1 branch of the dungeon, and saw 5 of its levels.
You also visited: Sewer.

You collected 291 gold pieces.

Inventory:

Missiles
 p - 5 silver javelins
Armour
 v - a +0 pair of gloves (melded)
Jewellery
 r - a ring of ice (right front pincers)
 B - a +4 ring of slaying (left front pincers)
Wands
 o - a wand of digging (7)
 y - a wand of paralysis (11)
 A - a wand of roots (3)
Scrolls
 b - a scroll of teleportation {unknown}
 h - 2 scrolls of blinking
 j - 4 scrolls of identify {unknown}
 m - a scroll of brand weapon {unknown}
 q - a scroll of butterflies {unknown}
 s - 3 scrolls of noise {unknown}
 t - a scroll of amnesia {unknown}
 u - a scroll of fear {unknown}
 w - 2 scrolls of enchant weapon {unknown}
 x - a scroll of immolation {unknown}
 C - a scroll of magic mapping
Potions
 a - a potion of lignification
 c - a potion of curing
 d - a potion of magic {unknown}
 e - a potion of berserk rage {unknown}
 f - 3 potions of might {unknown}
 g - a potion of mutation {unknown}
 i - a potion of flight {unknown}
 k - a potion of attraction {unknown}
 l - 2 potions of brilliance {unknown}
 n - 2 potions of degeneration {unknown}
 z - a potion of heal wounds {unknown}


   Skills:
 - Level 2.4 Fighting
 - Level 2.5 Dodging
 - Level 7.0 Unarmed Combat
 - Level 2.4 Spellcasting
 + Level 5.8 Transmutations
 + Level 7.2 Ice Magic


You had one spell level left.
You knew the following spells:

 Your Spells              Type           Power      Damage    Failure   Level
a - Beastly Appendage     Tmut           32%        N/A       9%          1
b - Wereblood             Tmut           16%        N/A       11%         2
c - Spider Form           Tmut/Pois      9%         N/A       43%         3
d - Ice Form              Ice/Tmut       27%        N/A       34%         4

Your spell library contained the following spells:

 Spells                   Type           Power      Damage    Failure   Level
 Ensorcelled Hibernation  Hex/Ice        32%        N/A       22%         2
 Blink                    Tloc           2%         N/A       58%         2
 Cigotuvi's Dreadful Rot  Necr/Pois/Air  2%         N/A       58%         2
 Lesser Beckoning         Tloc           2%         N/A       58%         2
 Momentum Strike          Conj/Tloc      2%         3d8       58%         2
 Poisonous Vapours        Pois/Air       2%         N/A       58%         2
 Sublimation of Blood     Necr           1%         N/A       58%         2
 Mephitic Cloud           Conj/Pois/Air  1%         N/A       78%         3
 Anguish                  Hex/Necr       0%         N/A       98%         4
 Summon Hydra             Summ           0%         N/A       100%        7


Dungeon Overview and Level Annotations

Branches:
Dungeon (5/15)              Sewer (visited)
 Temple: D:4-7

Altars:
Elyvilon

Shops:
D:1 (   D:2 :


Innate Abilities, Weirdness & Mutations

You are a venomous arachnid creature.
You have venomous fangs.
You are tiny and dextrous.
Your spellcasting is less reliable in this form.
Your armour is entirely melded.
You are incapable of wielding weapons or throwing items.
((You can breathe waves of freezing cold which knock back foes.))
((Your icy white scales are hard. (AC +6)))
You cannot fit into any form of body armour.
((Your flesh is cold resistant. (rC+)))
((You are cold-blooded and may be slowed by cold attacks.))


Message History

The gnoll completely misses you.
A gnoll comes into view. It is wielding a +0 flail.
You hit the gnoll bouda but do no damage.
The gnoll bouda looks as sick as possible!
The gnoll bouda is lightly wounded.
The jelly closely misses you. The gnoll barely misses you.
The gnoll bouda gazes fiercely through you!
You feel your attacks grow feeble. The gnoll bouda barely misses you.
Things that are here:
a +0 whip; a throwing net; a gnoll corpse You hit the jelly.
Your front pincers burn!
The jelly is lightly wounded.
The gnoll bouda hits you with a +0 club!
The jelly completely misses you. The gnoll hits you but does no damage.
You bite the gnoll bouda!
You kill the gnoll bouda!
The gnoll misses you.
The gnoll throws a throwing net.
The throwing net hits you.
You become entangled in the net!
The jelly hits you.
You are splashed with acid!
You struggle against the net.
Your transformation is almost over.
The gnoll closely misses you. The jelly hits you but does no damage.
The gnoll barely misses you.
You struggle against the net.
The gnoll barely misses you. The gnoll closely misses you. The jelly hits you.
You are splashed with acid!
The gnoll hits you with a +0 whip.
You struggle against the net.
The gnoll hits you from afar with a +0 halberd!
* * * LOW HITPOINT WARNING * * *
The gnoll closely misses you. The jelly hits you.
* * * LOW HITPOINT WARNING * * *
You are splashed with acid!
* * * LOW HITPOINT WARNING * * *
The gnoll barely misses you.
You feel better.
The gnoll hits you from afar with a +0 halberd.
* * * LOW HITPOINT WARNING * * *
The gnoll hits you with a +0 club!
You die...

### ... ... #.. .##..#######+#
.............# ......ggg....#
#...gJs....# #...###..### #..
###..##### #.. #........# ....
#. +........# ... #
##.####..#...
..################..#.....
####'##....#...........#.....+
......#....#......>....#.....#


You could see a jelly and 4 gnolls.

Vanquished Creatures
  Eustachio (D:4)
  Menkaure (D:4)
  An ice beast (D:5)
  A black bear (D:5)
  3 ogres
  2 centaurs (D:5)
  A kobold brigand (D:4)
  2 bullfrogs (Sewer)
  4 hounds
  An orc priest (D:3)
  A gnoll bouda (D:5)
  Ijyb (D:4)
  2 orc wizards (D:4)
  11 adders
  7 gnolls
  3 river rats (D:3)
  A white imp (D:5)
  3 worms
  A dart slug (D:1)
  8 orcs
  13 ball pythons
  6 bats
  9 endoplasms
  10 giant cockroaches
  5 goblins
  5 hobgoblins
  3 jackals (D:1)
  10 quokkas
  13 frilled lizards
  4 kobolds
  5 rats
138 creatures vanquished.

Vanquished Creatures (others)
  A plant (D:1)
1 creature vanquished.

Grand Total: 139 creatures vanquished

Notes
Turn   | Place    | Note
-------+----------+-------------------------------------------
     0 | D:1      | CowFu the Draconian Transmuter began the quest for the Orb.
     0 | D:1      | Reached XP level 1. HP: 16/16 MP: 3/3
   188 | D:1      | Reached XP level 2. HP: 21/23 MP: 3/5
   420 | D:1      | Reached XP level 3. HP: 28/28 MP: 4/6
   638 | D:1      | Found Wovufit's Antique Weapon Emporium.
   925 | D:2      | Learned a level 2 spell: Wereblood
   929 | D:2      | Learned a level 3 spell: Spider Form
  1013 | D:2      | Found Loateifu's Book Emporium.
  1124 | D:2      | Reached XP level 4. HP: 23/35 MP: 5/7
  1227 | D:2      | Reached skill level 5 in Unarmed Combat
  1597 | D:3      | Noticed an ogre
  1601 | D:3      | Killed an ogre
  1602 | D:3      | Reached XP level 5. HP: 24/40 MP: 6/8
  1681 | D:3      | Found a glowing drain.
  1694 | D:3      | HP: 2/40 [gnoll/+0 whip (4)]
  1701 | D:3      | HP: 1/40 [gnoll/+0 whip (7)]
  1747 | Sewer    | Entered a sewer
  1894 | Sewer    | Reached XP level 6. HP: 45/47 MP: 7/9
  3024 | D:4      | Noticed Menkaure
  3038 | D:4      | Killed Menkaure
  3039 | D:4      | Your scales start taking on an icy white colour.
  3039 | D:4      | Reached XP level 7. HP: 17/56 MP: 8/10
  3039 | D:4      | Gained mutation: Your flesh is cold resistant. (rC+) [White
                  | Draconian growth]
  3044 | D:4      | Learned a level 4 spell: Ice Form
  3334 | D:4      | Noticed Eustachio
  3347 | D:4      | Killed Eustachio
  3539 | D:4      | Noticed Ijyb
  3554 | D:4      | Killed Ijyb
  3892 | D:4      | Reached skill level 5 in Ice Magic
  3899 | D:4      | Found a white marble altar of Elyvilon.
  4220 | D:5      | Entered Level 5 of the Dungeon
  4274 | D:5      | Reached XP level 8. HP: 60/62 MP: 7/11
  4643 | D:5      | Reached skill level 5 in Transmutations
  4901 | D:5      | Slain by a gnoll

Illustrated notes

Levels and vault maps discovered:
D:1:      dpeg_arrival_rooms_a, layout_basic, serial_shops, nicolae_shop_stone,
          nicolae_grassy_gnolls
D:2:      layout_basic, serial_shops, nicolae_diamond_shop,
          kennysheep_generic_room_5
D:3:      layout_basic, portal_sewer_entry_b, hangedman_decor_clover_reticule,
          nrook_loot_triangle, nicolae_underground_beach
D:4:      layout_loops_corners, marbit_many_paths, mrwooster_statue_mirror,
          uniq_ijyb, uniq_eustachio, uniq_menkaure
D:5:      layout_gridville

Skill      XL: |  1  2  3  4  5  6  7  8 |
---------------+-------------------------+-----
Unarmed Combat | 4 5 6 7 |  7.0
Dodging        | 2 |  2.5
Fighting       | 2 |  2.4
Transmutations | 3 4 5 |  5.8
Ice Magic      | 5 7 |  7.2
Spellcasting   | |  2.4

Action                     |  1- 3 |  4- 6 |  7- 9 || total
---------------------------+-------+-------+-------++-------
  Melee: Unarmed           |   119 |   173 |   103 ||   395
         Kick              |    15 |    26 |     4 ||    45
         Tailslap          |     8 |    13 |     6 ||    27
         Headbutt          |     8 |    16 |     5 ||    29
         Punch             |       |    11 |     2 ||    13
   Cast: Beastly Appendage |    18 |    42 |     6 ||    66
         Wereblood         |       |     2 |       ||     2
         Spider Form       |       |       |    16 ||    16
    Use: Scroll            |       |     2 |       ||     2
         Potion            |       |     3 |     1 ||     4
   Stab: Sleeping          |       |       |     1 ||     1
 Armour: Skin              |    56 |    44 |    21 ||   121
  Dodge: Dodged            |   126 |   128 |    89 ||   343

Table legend: (Time is in decaauts)
 A = Elapsed time spent in this place.
 B = Non-inter-level travel time spent in this place.
 C = Inter-level travel time spent in this place.
 D = Time resting spent in this place.
 E = Time spent auto-exploring this place.
 F = Levels seen in this place.
 G = Mean time per level.
                   A        B        C        D        E       F      G
               +--------+--------+--------+--------+--------+-----+--------+
         Total |   4915 |   4841 |     74 |      0 |   3571 |   6 |  819.2 |
       Dungeon |   4526 |   4452 |     74 |      0 |   3518 |   5 |  905.2 |
         Sewer |    388 |    388 |      0 |      0 |     53 |   1 |  388.0 |
               +--------+--------+--------+--------+--------+-----+--------+

Top non-repeatable levels by time:
     D:4: 1464 daAuts
     D:3: 921 daAuts
     D:1: 905 daAuts
     D:2: 679 daAuts
     D:5: 556 daAuts
   Sewer: 388 daAuts
